 Dungeon Crawl Stone Soup version 0.29-a0-25-g7f48f510a0 (webtiles) character file.

Game seed: 878530254484920446

181 HallandMoats the Poker (level 5, -2/37 HPs)
             Began as an Octopode Monk on Jan 31, 2022.
             Was a Priest of Okawaru.
             Slain by an orc (9 damage)
             ... on level 3 of the Dungeon.
             The game lasted 00:02:13 (1950 turns).

HallandMoats the Poker (Octopode Monk)              Turns: 1950, Time: 00:02:14

Health: -2/37      AC:  1    Str: 10    XL:     5   Next: 61%
Magic:  6/6        EV: 14    Int: 12    God:    Okawaru [***...]
Gold:   110        SH:  0    Dex: 17    Spells: 4/4 levels left

rFire   . . .      SeeInvis .   a - +0 spear
rCold   . . .      Faith    .   (no shield)
rNeg    . . .      Spirit   .   (helmet restricted)
rPois   .          Reflect  .   (no amulet)
rElec   .          Harm     .   (no ring)
rCorr   .          Rampage  .   (no ring)
Will    .....                   (no ring)
Stlth   +++.......              (no ring)
HPRegen 0.12/turn               (no ring)
MPRegen 0.10/turn               (no ring)
                                (no ring)
                                (no ring)

@: no status effects
A: almost no armour, amphibious, 8 rings, camouflage 1, gelatinous body 1,
(nimble swimmer 1), tentacles
a: Renounce Religion, Heroism


You were on level 3 of the Dungeon.
You worshipped Okawaru.
Okawaru was most pleased with you.
You visited 1 branch of the dungeon, and saw 3 of its levels.

You collected 110 gold pieces.

Inventory:

Hand Weapons
 a - a +0 spear (weapon)
Scrolls
 c - a scroll of amnesia {unknown}
 f - a scroll of acquirement {unknown}
 g - 3 scrolls of identify {unknown}
 h - a scroll of magic mapping {unknown}
Potions
 b - a potion of curing {unknown}
 d - a potion of lignification {unknown}
 e - 2 potions of degeneration {unknown}
 i - a potion of might {unknown}
 j - a potion of heal wounds {unknown}


   Skills:
 * Level 4.2 Fighting
 * Level 4.3 Polearms
 + Level 3.6 Dodging
 - Level 2.6 Stealth
 + Level 2.1 Invocations


You had 4 spell levels left.
You didn't know any spells.
Your spell library contained the following spells:

 Spells                   Type           Power      Damage    Failure   Level
 Slow                     Hex            0%         N/A       32%         1
 Confusing Touch          Hex            0%         N/A       69%         3
 Vampiric Draining        Necr           0%         2d6       69%         3


Dungeon Overview and Level Annotations

Branches:
Dungeon (3/15)

Altars:
Okawaru

Shops:
D:2 :   D:3 !


Innate Abilities, Weirdness & Mutations

You cannot wear most types of armour.
You are amphibious.
You can wear up to eight rings at the same time.
Your skin changes colour to match your surroundings (Stealth+).
Your rubbery body absorbs attacks. (AC +1, EV +1)
((You are camouflaged when in or above water. (Stealth+)))
You have tentacles for arms and can constrict up to eight enemies at once.


Message History

You are too injured to fight recklessly!
You are too injured to fight recklessly!
You are too injured to fight recklessly!
You are too injured to fight recklessly!
You are too injured to fight recklessly!
You are too injured to fight recklessly!
You are too injured to fight recklessly!
You are too injured to fight recklessly!
You are too injured to fight recklessly!
You are too injured to fight recklessly!
You are too injured to fight recklessly!
You are too injured to fight recklessly!
You are too injured to fight recklessly!
You are too injured to fight recklessly!
You are too injured to fight recklessly!
You are too injured to fight recklessly!
You are too injured to fight recklessly!
You are too injured to fight recklessly!
You release your grip on the orc.
The orc completely misses you.
You hit the orc.
You kill the orc!
Okawaru accepts your kill. The orc barely misses you.
The endoplasm closely misses you.
Items here: $ ) ? [ †.
The orc barely misses you.
You hit the orc but do no damage. You grab the orc.
You squeeze the orc, but do no damage.
You constrict the orc, but do no damage.
You hit the orc but do no damage. You squeeze the orc, but do no damage.
You constrict the orc, but do no damage.
The orc barely misses you.
You hit the orc. You squeeze the orc, but do no damage.
The orc is lightly wounded.
You constrict the orc. The orc hits you with a +0 morningstar!
* * * LOW HITPOINT WARNING * * *
You hit the orc but do no damage.
The orc is moderately wounded.
You constrict the orc, but do no damage.
The orc hits you with a +0 morningstar!
You die...

#.# #.# ...... # #.# #.#
#...... # #.# #.# ###
......# ### #.# ##.## ..#
......# ...
#.###.#.####.#.# .......
### #....###.....#.#
.....[# ...
#####.#.######.###......#
### ##.#######.##o......#
# #.........@oJo......
####################


You could see 3 orcs and an endoplasm.

Vanquished Creatures
  Crazy Yiuf (D:2)
  Natasha (twice) (D:2)
  An orc wizard (D:3)
  An adder (D:2)
  3 dart slugs
  4 orcs (D:3)
  6 bats
  4 endoplasms
  4 giant cockroaches
  6 goblins
  2 hobgoblins
  A kobold (D:1)
  3 quokkas
  12 ball pythons
  2 frilled lizards
  4 rats
56 creatures vanquished.

Notes
Turn   | Place    | Note
-------+----------+-------------------------------------------
     0 | D:1      | HallandMoats the Octopode Monk began the quest for the Orb.
     0 | D:1      | Reached XP level 1. HP: 16/16 MP: 1/1
   153 | D:1      | Reached XP level 2. HP: 20/21 MP: 2/2
   381 | D:1      | Reached XP level 3. HP: 21/26 MP: 3/3
   383 | D:1      | Reached skill level 1 in Invocations
   484 | D:1      | Found a faded altar of an unknown god.
   493 | D:1      | Prayed at the altar of an unknown god.
   493 | D:1      | Became a worshipper of Warmaster Okawaru
   493 | D:1      | Reached * piety under Okawaru
   493 | D:1      | Reached ** piety under Okawaru
   929 | D:2      | Found a runed translucent door.
   930 | D:2      | Noticed Crazy Yiuf
   975 | D:2      | Found Tyomegia's Book Shop.
  1011 | D:2      | Reached XP level 4. HP: 32/32 MP: 5/5
  1179 | D:2      | Noticed Natasha
  1185 | D:2      | Killed Natasha
  1253 | D:2      | Noticed Natasha
  1259 | D:2      | Killed Natasha
  1319 | D:2      | Killed Crazy Yiuf
  1320 | D:2      | Reached XP level 5. HP: 37/37 MP: 3/6
  1503 | D:3      | Reached *** piety under Okawaru
  1863 | D:3      | Found Geoheas's Distillery.
  1950 | D:3      | Slain by an orc

Illustrated notes

Levels and vault maps discovered:
D:1:      wander_arrival_estate, layout_basic, chequers_ecumenical_altar_island,
          minmay_tetromino_t2
D:2:      layout_rooms, serial_shops, shop_fountains, uniq_natasha,
          uniq_crazy_yiuf_cottage
D:3:      layout_loops_ring, serial_shops, nicolae_square_shop, minivault_14,
          minivault_27, minmay_box_of_dots

Skill      XL: |  1  2  3  4  5 |
---------------+----------------+-----
Invocations    | 1 2 |  2.1
Polearms       | 4 |  4.3
Fighting       | 4 |  4.2
Dodging        | |  3.6
Stealth        | |  2.6

Action                   |  1- 3 |  4- 6 || total
-------------------------+-------+-------++-------
Melee: Spear             |    79 |    65 ||   144
       Constrict         |    15 |    11 ||    26
       Tentacles         |    10 |    14 ||    24
       Punch             |     1 |       ||     1
Invok: Heroism           |       |     1 ||     1
 Stab: Sleeping          |    15 |     5 ||    20
Dodge: Dodged            |    29 |    26 ||    55

Table legend: (Time is in decaauts)
 A = Elapsed time spent in this place.
 B = Non-inter-level travel time spent in this place.
 C = Inter-level travel time spent in this place.
 D = Time resting spent in this place.
 E = Time spent auto-exploring this place.
 F = Levels seen in this place.
 G = Mean time per level.
                   A        B        C        D        E       F      G
               +--------+--------+--------+--------+--------+-----+--------+
         Total |   1935 |   1891 |     44 |      0 |   1577 |   3 |  645.0 |
       Dungeon |   1935 |   1891 |     44 |      0 |   1577 |   3 |  645.0 |
               +--------+--------+--------+--------+--------+-----+--------+

Top non-repeatable levels by time:
     D:1: 726 daAuts
     D:2: 642 daAuts
     D:3: 567 daAuts
